[Event "13th KIIT Festival-A 2022"]
[Site "Bhubaneswar"]
[Date "2022.05.26"]
[Round "6.11"]
[White "Priyankara, Chamil"]
[Black "Karthikeyan, P.."]
[Result "0-1"]
[ECO "D00"]
[WhiteElo "1938"]
[BlackElo "2361"]
[Annotator "TA"]
[PlyCount "94"]
[EventDate "2022.05.15"]
[EventType "swiss"]
[EventCountry "IND"]
[SourceTitle "playchess.com"]
[Source "ChessBase"]
[SourceQuality "1"]
[TimeControl "5400+30"]

1. d4 Nf6 2. Bf4 d5 3. e3 c5 4. c3 Nc6 5. Nd2 Bf5 6. Qb3 {[%emt 0:00:17] D00: 1 d4 d5: Unusual lines.} Qd7 7. dxc5 e5 8. Bg3 {[%emt 0:00:21] The position is equal.} Bxc5 9. Ngf3 Bd6 10. Bb5 Qe7 11. Bh4 a6 12. Be2 Be6 13. Ng5 {[%emt 0:02:37] [#]} e4 $146 ({Predecessor:} 13... Bd7 14. Ngf3 e4 15. Nd4 Nxd4 16. cxd4 Bc6 17. O-O Qd7 18. a4 Qe6 19. Rac1 O-O {½-½ (30) Franzen,T (2340)-Kolek,P (2201) ICCF email 2019}) 14. Nxe6 fxe6 15. O-O (15. Bh5+ $5 Kf8 16. Be2 $11) 15... O-O 16. Rfc1 Rad8 17. c4 Bb4 (17... Qc7 $142) 18. Qc2 Bxd2 19. Qxd2 dxc4 20. Qe1 b5 21. b3 Qc5 (21... Ne5 $11) 22. a4 (22. bxc4 $14 b4 23. Rcb1) 22... Ne5 $11 {[%emt 0:04:31] Hoping for ...Nd3.} 23. axb5 axb5 24. bxc4 b4 ({Much less strong is} 24... bxc4 25. Ra5 Qc7 26. Bg3 $16) ({Better is} 24... Nd3 $11 25. cxb5 Qxc1 26. Qxc1 Nxc1 27. Rxc1 Rd2) 25. Rab1 ({White should play} 25. Rcb1 $14) 25... Rb8 (25... g5 $11 {keeps the balance.} 26. Bg3 (26. Bxg5 $2 Nd3 $19) 26... Nd3 27. Bxd3 exd3 28. Qxb4 Qxb4 29. Rxb4 Ne4) 26. Bg3 $16 Nc6 (26... Nfd7 $16 {was necessary.}) 27. Bxb8 $18 Rxb8 28. Qd1 h5 29. h3 Kf7 30. Rb2 Ke7 31. Rd2 h4 32. Rb1 g5 33. Qc2 Ra8 34. Qb2 Rg8 35. Ra1 Rb8 36. Ra6 Kf7 37. Rd1 Ke7 38. Rda1 Rb7 39. Bd1 Kf7 40. Ra8 Ne5 $2 (40... Qe5 41. Qa2 Rc7) 41. R1a5 Nd3 42. Qb1 $2 (42. Qa1) 42... Qxc4 43. Rxg5 {[%emt 0:01:06] And now Bh5+ would win.} b3 {[%emt 0:00:07][%cal Bb4b3,Bb3b2][%mdl 32] [#]} 44. Rga5 $2 ({Only move:} 44. Bxb3 $1 $18 {[%cal Oa8a7][%mdl 512] Ra7! is the strong threat.} Qxb3 45. Qxb3 Rxb3 46. Ra7+ Kf8 47. Rg6 Rb1+ 48. Kh2) 44... Kg6 {[%emt 0:01:10] White must now prevent ...b2. Really sharp!} 45. R5a7 Rb6 {[%emt 0:00:01] aiming for ...b2.} 46. Ra1 $2 (46. Rf8 $11 Qc3 47. Raf7) 46... b2 $19 47. R1a3 Qc1 {[%emt 0:00:08] Weighted Error Value: White=0.71/Black=0.29 (precise)} 0-1

[Event "13th KIIT Festival-A 2022"]
[Site "Bhubaneswar"]
[Date "2022.05.26"]
[Round "6.12"]
[White "Aaryan Varshney"]
[Black "Chidvilash Sai Surapaneni"]
[Result "1-0"]
[ECO "D41"]
[WhiteElo "2308"]
[BlackElo "1912"]
[Annotator "TA"]
[PlyCount "109"]
[EventDate "2022.05.15"]
[EventType "swiss"]
[EventCountry "IND"]
[SourceTitle "playchess.com"]
[Source "ChessBase"]
[SourceQuality "1"]
[TimeControl "5400+30"]

1. d4 Nf6 2. c4 e6 3. Nf3 d5 4. Nc3 c5 5. cxd5 Nxd5 6. e4 Nxc3 7. bxc3 cxd4 8. cxd4 Bb4+ 9. Bd2 Bxd2+ 10. Qxd2 O-O 11. Bc4 Nc6 12. O-O b6 13. Rac1 Bb7 14. Rfd1 (14. d5 $5 Na5 15. dxe6 Nxc4 16. Qxd8 (16. Rxc4 Qxd2 17. exf7+ Rxf7 $17) 16... Rfxd8 17. exf7+ (17. Rxc4 fxe6 18. Rfc1 b5 $11) 17... Kxf7 18. Rxc4 $14) 14... Rc8 {[%emt 0:07:57] D41: Queen's Gambit Declined: Semi-Tarrasch with 5 cxd5.} 15. d5 exd5 16. Bxd5 Qe7 {[%emt 0:04:05] The position is equal.} 17. Qg5 {[%emt 0:04:45] [#]} Qa3 $146 (17... Qxg5 $11 {remains equal.} 18. Nxg5 Na5) ({Predecessor:} 17... Qxg5 18. Nxg5 Nd8 19. Rxc8 Bxc8 20. Rc1 Ne6 21. Nxe6 Bxe6 22. Bxe6 fxe6 23. g3 e5 {1-0 (55) Albornoz Cabrera,C (2527)-Hernandez Gonzalez,W (2420) Camaguey 2018}) 18. Nh4 {[%emt 0:10:33][%cal Bf3h4,Bh4f5,Bf5d6][%mdl 32] Threatens to win with Nf5. White is more active.} h6 {[%emt 0:04:44] [#]} 19. Qd2 Na5 20. Nf5 Rxc1 (20... Kh7 $16 21. Rxc8 (21. Qd4 f6 $16) 21... Bxc8) 21. Rxc1 $40 {[%emt 0:07:27][%mdl 128] aiming for Rc3. Black is in trouble.} ({Resist} 21. Qxc1 $6 Qxc1 22. Rxc1 Bxd5 23. exd5 Rd8 $16) 21... Rc8 {[%emt 0:01:27] [#] Against Rc3} (21... Kh7 {might work better.} 22. h3 Rc8 23. Rxc8 Bxc8 24. Bxf7 Nc6) 22. Bxf7+ $1 Kh7 23. Rxc8 Bxc8 24. Nd6 Ba6 (24... Qc5 $142 25. e5 Qc7) 25. Qf4 Qc5 26. Bd5 {[%emt 0:07:56] Intending Qf5+ and mate.} ({Not} 26. e5 Bd3 $16) 26... Qd4 27. Qf5+ g6 28. Qf7+ Qg7 29. Qxg7+ Kxg7 {[%emt 0:00:06][%mdl 4096] Endgame KBN-KBN} 30. f4 Kf6 31. e5+ Ke7 32. f5 gxf5 33. Nxf5+ Kf8 34. e6 Bd3 35. Nxh6 b5 (35... Ke7 $142 36. Ng8+ Kd6) 36. Kf2 Nc4 37. g4 Nb6 38. Bb3 a5 39. Nf5 (39. Ke3 $142 Bb1 40. Nf5) 39... a4 40. e7+ Ke8 41. Be6 {[%emt 0:00:23] Strongly threatening Ke3.} b4 {[%emt 0:01:36] [#]} 42. Ke3 $1 Bxf5 43. Bxf5 $16 {[%emt 0:01:19] KB-KN} Nd5+ $2 (43... b3 $16 44. axb3 axb3) 44. Kd3 {[%emt 0:02:07] Kc4 is the strong threat.} Kxe7 45. h4 Kf6 46. Kd4 Nc3 (46... Nf4 47. Bc2 Ne6+ 48. Ke3 Nc5 49. g5+ Kf7) 47. Bc2 $18 Nxa2 48. g5+ Kg7 49. h5 {[%emt 0:04:39] White threatens h6+ and mate.} Nc3 50. h6+ {[%emt 0:00:07] White mates.} Kh8 51. g6 Nb5+ 52. Ke5 b3 53. g7+ Kg8 {[%emt 0:00:00] [#]} 54. Kf6 $1 bxc2 55. Kg6 {[%emt 0:00:01] Weighted Error Value: White=0.13 (very precise) /Black=0.70} 1-0

[Event "13th KIIT Festival-A 2022"]
[Site "Bhubaneswar"]
[Date "2022.05.26"]
[Round "6.13"]
[White "Kavinda, Akila"]
[Black "Arpita, Mukherjee"]
[Result "0-1"]
[ECO "B92"]
[WhiteElo "1996"]
[BlackElo "2275"]
[Annotator "TA"]
[PlyCount "70"]
[EventDate "2022.05.15"]
[EventType "swiss"]
[EventCountry "IND"]
[SourceTitle "playchess.com"]
[Source "ChessBase"]
[SourceQuality "1"]
[TimeControl "5400+30"]

1. e4 c5 2. Nf3 d6 3. d4 cxd4 4. Nxd4 Nf6 5. Nc3 a6 6. Be2 e5 7. Nb3 Be7 8. Bg5 Nbd7 9. a4 O-O {[%emt 0:01:03] has lost popularity (9...b6).} 10. O-O h6 {[%emt 0:00:46] B92: Sicilian Najdorf: 6 Be2.} 11. Bh4 Qc7 12. Nd2 b6 {[%emt 0:03:24] White has an edge.} 13. Bc4 Bb7 14. Bxf6 Nxf6 15. Qe2 Rfd8 16. Rfd1 {[%emt 0:05:48] [#]} Bf8 $146 (16... Rac8 $11 {remains equal.}) ({Predecessor:} 16... d5 17. exd5 Nxd5 18. Nxd5 Bxd5 19. Bxd5 Rxd5 20. Nc4 Rc5 21. Ne3 Bg5 22. b4 Rc6 {0-1 (64) Posada Zuluaga,J (2101)-Ruiz Castillo,J (2409) Ibague 2013}) 17. Bb3 (17. Nf1 $16) 17... d5 $1 $11 18. Nxd5 Nxd5 19. exd5 Bxd5 20. Bxd5 Rxd5 21. Nc4 Rad8 22. Rxd5 Rxd5 23. Ne3 Ra5 24. Nc4 Rc5 25. Ne3 a5 26. b3 e4 27. Rd1 f5 28. c4 Qe5 ({Resist} 28... Bd6 29. Qh5 $16) 29. Nd5 Rc6 30. f3 Bc5+ 31. Kh1 e3 32. f4 Qe4 33. Kg1 (33. h3 $1 $11) 33... Rg6 {[%emt 0:00:49][%cal Oe4g2] ( -> ...Qxg2+!)} 34. Rd3 $2 {[%emt 0:00:41][%mdl 8192] [#]} (34. Re1 $15) 34... Rxg2+ $3 35. Qxg2 (35. Kf1 Rf2+) 35... e2+ {[%emt 0:00:12] Weighted Error Value: White=0.49/Black=0.16 (very precise)} 0-1

[Event "13th KIIT Festival-A 2022"]
[Site "Bhubaneswar"]
[Date "2022.05.26"]
[Round "6.14"]
[White "Dhananjay S"]
[Black "Koustav Chakraborty"]
[Result "0-1"]
[ECO "A84"]
[WhiteElo "2218"]
[BlackElo "1945"]
[Annotator "TA"]
[PlyCount "120"]
[EventDate "2022.05.15"]
[EventType "swiss"]
[EventCountry "IND"]
[SourceTitle "playchess.com"]
[Source "ChessBase"]
[SourceQuality "1"]
[TimeControl "5400+30"]

1. d4 d5 2. c4 e6 3. Nf3 c6 4. e3 f5 5. b3 Bd6 6. Bb2 {[%emt 0:00:28] A84: Dutch Defence: 2 c4 Miscellaneous.} Qe7 {[%emt 0:00:05] [#]} 7. a3 $146 ({Predecessor:} 7. Bd3 Nf6 8. a4 b6 9. O-O O-O 10. Ba3 c5 11. Nc3 Nc6 12. Nb5 Bb8 13. dxc5 bxc5 {½-½ (45) Mieszke,M (2325)-Grieve,H (2292) Chess.com INT 2018}) 7... a5 8. Be2 {[%emt 0:01:23] White is slightly better.} Nf6 9. Nbd2 O-O 10. O-O Ne4 11. Ne5 Nd7 12. Ndf3 g5 13. Nd3 g4 14. Nfe5 Nxe5 15. dxe5 Bc7 16. f3 gxf3 17. gxf3 Nc5 18. Nf4 Nd7 (18... dxc4 $1 $11 19. bxc4 b6) 19. Kh1 $14 Bxe5 20. Bxe5 Nxe5 21. Rg1+ Kf7 22. e4 (22. cxd5 exd5 23. e4 fxe4 24. fxe4 Ke8 25. Bh5+ Kd8 $11) 22... Ng6 (22... dxe4 $2 23. fxe4 Ng4 24. Bxg4 fxg4 25. Qxg4 $18) 23. Qd2 dxe4 (23... e5 $14 24. Nxg6 hxg6) 24. fxe4 $18 Rg8 $2 (24... fxe4 $2 25. Bh5 Rd8 26. Qe2 $18) (24... Qh4 $16 25. Bh5 e5 26. Nxg6 hxg6 27. Bxg6+ Ke7) 25. exf5 exf5 26. Bf3 $2 (26. Bh5 $1 $18) 26... Rd8 $1 $11 27. Qc1 Qh4 $1 28. Bh5 {[%emt 0:02:13] Threatens to win with Qe3.} Rd4 29. Ne2 (29. Bxg6+ hxg6 30. Nxg6 Qe4+ 31. Rg2 f4 $17) 29... Qxh5 30. Nxd4 c5 31. Nc2 (31. Rg5 $11 {and White is okay.} Qh3 32. Rg3) 31... Qf3+ (31... Bd7 $19 {is more deadly. aiming for ...Bc6+.} 32. Rg3 f4) 32. Rg2 $17 {[%emt 0:00:01] Strongly threatening Qh6.} Nf4 {[%emt 0:00:02][%csl Gf4][%cal Rf3g2][%mdl 64] Pin} 33. Ne1 Qe4 {[%emt 0:00:06][%mdl 64] Hoping for ...Bd7. Pin. Dancing on a razor blade.} 34. Qc3 $2 Nxg2 $19 35. Nxg2 Bd7 36. Re1 Qg4 {[%emt 0:01:10] White must now prevent ...Rg8. Active counter play!} (36... Qd4 37. Qh3 $15) 37. h3 {[%emt 0:02:48] [#]} Qg5 ({Stronger than} 37... Qd4 38. Qf3 Bc6 39. Qxf5+ Kg8 40. Re7 (40. Rf1 Qg7 $17) 40... Qd1+ 41. Kh2 Qd6+ 42. Qe5 Qxe5+ 43. Rxe5 $15) 38. Qe5 {[%emt 0:03:19] Qd5+ is the strong threat.} Bc6 $40 {[%emt 0:00:15][%csl Gc6][%cal Rg5g2][%mdl 128] Prevents Qd5+. Black goes for the king.} 39. Qc7+ $2 (39. Qe6+ {was the only chance.} Kg7 40. Qe5+ Kg8 41. Qe6+ Kh8 42. Qe5+ Qg7 43. Kh2) 39... Kg8 40. Re2 f4 {[%emt 0:00:24] ( -> ...Rd8)} 41. Rf2 $2 (41. Qe5 Qxe5 42. Rxe5) 41... Rf8 {[%emt 0:00:06] And now ...Qg3 would win.} 42. Qd6 Qg3 43. Qe6+ Rf7 ({Don't go for} 43... Kh8 $2 44. Qe5+ Kg8 45. Qe6+ Rf7 46. Qg4+ Qxg4 47. hxg4 $19) 44. Qg4+ Qxg4 45. hxg4 {[%emt 0:00:04][%mdl 4096] Endgame KRB-KRN} Re7 46. Kh2 {[%emt 0:01:57] [#]} f3 47. Nf4 Re3 48. Rb2 Kf7 49. g5 Re5 50. Rf2 Rxg5 {[%emt 0:00:24] Black is clearly winning.} 51. Nd3 Kf6 52. Ne1 Rf5 53. Kg3 Ke5 54. Rd2 f2 55. Nd3+ Kd4 56. Nxf2+ Ke3 57. Rd3+ Ke2 58. Rc3 Rf3+ ({Not} 58... Rxf2 $2 59. Rc2+ Kd3 60. Rxf2 $19) 59. Rxf3 Bxf3 60. Nh3 Ke3 {[%emt 0:00:31] Never resign too early!  Weighted Error Value: White=0.68/Black=0.28 (precise)} 0-1

[Event "13th KIIT Festival-A 2022"]
[Site "Bhubaneswar"]
[Date "2022.05.26"]
[Round "6.15"]
[White "Ram Aravind L N"]
[Black "Hriday Panchal"]
[Result "1-0"]
[ECO "A22"]
[WhiteElo "2116"]
[BlackElo "1766"]
[Annotator "TA"]
[PlyCount "93"]
[EventDate "2022.05.15"]
[EventType "swiss"]
[EventCountry "IND"]
[SourceTitle "playchess.com"]
[Source "ChessBase"]
[SourceQuality "1"]
[TimeControl "5400+30"]

1. c4 Nf6 2. Nc3 e5 3. e4 Nc6 4. d3 Bc5 5. g3 d6 6. h3 {[%emt 0:00:30] Prevents Ng4. A22: English Opening: 1...e5 2 Nc3 Nf6.} O-O 7. Bg2 a5 8. Nge2 {[%emt 0:00:30] The position is equal.} Nd4 9. O-O c6 10. Kh2 {[%emt 0:00:30] [#]} Rb8 $146 ({Predecessor:} 10... Ne6 11. f4 h6 12. f5 Nd4 13. g4 Nh7 14. Nxd4 Bxd4 15. Ne2 Bc5 16. Qe1 b5 {0-1 (64) Rutter,B (1940)-Bince,R (2024) Winnipeg 2016}) 11. Nxd4 Bxd4 12. Ne2 Bc5 13. f4 b5 14. f5 (14. cxb5 $11 cxb5 15. a3) 14... h6 15. g4 (15. cxb5 $15 cxb5 16. a3) 15... bxc4 $17 16. dxc4 d5 17. cxd5 cxd5 18. exd5 (18. Nc3 $142) 18... Bb7 (18... Ba6 $19 {[%cal Of6g4] Threatens to win with ...Nxg4+!} 19. Rf3 e4) 19. Nc3 Bd4 (19... Ba6 $17 20. Re1 Re8) 20. g5 $1 $15 hxg5 ({But not} 20... Nxd5 21. gxh6 Ne3 22. Bxe3 Bxg2 23. Qg4 $11) 21. Bxg5 {[%emt 0:01:00] [#] Strongly threatening Ne4.} Qb6 22. Bxf6 Qxf6 23. Qh5 $1 Rfd8 {[%emt 0:00:30] White must now prevent ...Bxc3.} (23... e4 $5 24. Kh1 Bxc3 25. bxc3 Bxd5 $17) 24. Ne4 Qh6 25. Qxh6 gxh6 26. Rab1 Kf8 {[%emt 0:00:30][%mdl 1024] Black has compensation.} (26... Bxd5 $2 27. Nf6+ Kf8 28. Nxd5 $18 (28. Bxd5 Ke7 $11)) 27. Nc3 Rbc8 28. Rbc1 Ke8 29. Rfd1 Kf8 30. f6 Ke8 (30... Be3 $15 31. Rc2 Rd6) 31. Be4 Rc5 32. Rd3 Bxd5 {[%emt 0:00:30] A strong pair of Bishops.} 33. Bf5 {[%emt 0:00:30] [#]} (33. Bxd5 $11 Rdxd5 34. Rcd1) 33... Rb8 (33... Rd6 $1 $17 34. Re1 Kd8) 34. Rc2 $11 {[%emt 0:00:30] Hoping for Rg3.} Rb6 35. Rg3 Kf8 {[%emt 0:01:00][%mdl 8192] Inhibits Rg8+.} (35... Be6 $11 {and Black has nothing to worry.} 36. Bxe6 Rxe6) 36. Nxd5 $18 {[%emt 0:00:30][%cal Oc2g2] White threatens Rcg2! and mate.} Rxc2+ 37. Bxc2 Rxb2 38. Rg2 Rxa2 39. Ne7 Ke8 40. Nf5 h5 $2 (40... Bb6 41. Bb3 Rxg2+ 42. Kxg2 Bd8 43. Nxh6 Bxf6) 41. Nd6+ $2 (41. Nxd4 exd4 42. Bb3) 41... Kf8 42. Bb3 Rxg2+ 43. Kxg2 {[%emt 0:00:30] aiming for Kg3.} Bc5 $2 (43... e4 $18 44. Nxe4 Be5) 44. Nxf7 a4 45. Ba2 e4 46. Ng5 Be3 47. Nh7+ {[%emt 0:00:30] White used his chance.  Weighted Error Value: White=0.30/Black=0.71} 1-0

[Event "13th KIIT Festival-A 2022"]
[Site "Bhubaneswar"]
[Date "2022.05.26"]
[Round "6.16"]
[White "Vignesh Advaith Vemula"]
[Black "Kiran, Manisha Mohanty"]
[Result "0-1"]
[ECO "B56"]
[WhiteElo "1437"]
[BlackElo "2098"]
[Annotator "TA"]
[PlyCount "131"]
[EventDate "2022.05.15"]
[EventType "swiss"]
[EventCountry "IND"]
[SourceTitle "playchess.com"]
[Source "ChessBase"]
[SourceQuality "1"]
[TimeControl "5400+30"]

1. e4 c5 2. Nf3 d6 3. d4 cxd4 4. Nxd4 Nf6 5. Nc3 Nc6 6. f3 e5 7. Nb3 Be6 8. Be3 {[%emt 0:00:48] 8.Nd5 is more fashionable.} Be7 9. Qe2 {[%emt 0:03:00] B56: Classical Sicilian: Unusual Lines.} a5 10. O-O-O O-O (10... a4 $11 11. Nc5 a3) 11. g4 (11. Nc5 $1 $16) 11... Qc8 ({Black should play} 11... a4 $11 12. Nc5 a3) 12. a4 Nb4 13. Kb1 {[%emt 0:02:42] [#]} (13. g5 $5 Nh5 14. Kb1 $11) 13... Qc6 $146 (13... b5 $11 14. g5 (14. Nxb5 Bxb3 15. cxb3 Qe6 $11) (14. Qxb5 $2 Rb8 $19) (14. axb5 $2 a4 $19) 14... Nh5 15. Nxb5 (15. axb5 a4 $17) 15... d5) ({Predecessor:} 13... b5 14. Nxb5 d5 15. g5 Nd7 16. exd5 Nxd5 17. Bg2 Nxe3 18. Qxe3 Qc4 19. Qe4 Qxe4 20. fxe4 {0-1 (59) Ansat,A (2391)-Hoolt,S (2315) Budapest 2021}) 14. Qf2 Bc4 (14... Bxb3 $11 {remains equal.} 15. cxb3 d5) 15. Bxc4 $16 Qxc4 16. h4 b5 17. Nxb5 (17. axb5 $6 a4 18. Nd2 Qe6 $11) 17... d5 (17... Rfc8 $16 18. Nc3 (18. Nxd6 Bxd6 19. Rxd6 Nxc2 $17) 18... d5) 18. g5 $18 Nh5 19. exd5 Nxd5 20. Bc5 (20. Rhe1 $142) 20... Qxa4 $16 21. Rxd5 Qxb5 22. Rxe5 a4 23. Bd6 Qa6 $11 24. Bxe7 axb3 25. Ba3 Nf4 {[%emt 0:07:13] And now ...Rfc8 would win.} 26. Re4 {[%emt 0:07:50] [#]} ({White should try} 26. Rd1 $11) 26... bxc2+ (26... Rfc8 $1 $15 27. c4 (27. Rxf4 $2 bxc2+ 28. Kc1 Qe6 $19) (27. cxb3 $2 Qd3+ 28. Ka2 Rxa3+ 29. bxa3 Rc2+ 30. Qxc2 Qxc2+ 31. Ka1 Qc3+ 32. Ka2 Qc2+ 33. Ka1 f5 $19) 27... Rxc4) 27. Qxc2 Rfc8 $36 {[%emt 0:06:52][%mdl 2048] Black has the initiative.} 28. Rhe1 Ne6 29. Qe2 Qc6 30. f4 g6 31. Rxe6 (31. Rb4 $11) 31... Qxe6 $15 32. Qxe6 fxe6 33. Rxe6 $11 {[%emt 0:00:07][%mdl 4096] Endgame KRR-KRB} Ra4 34. Rf6 Ra5 35. Rb6 Rca8 36. Bd6 $2 (36. Kc2 $15) 36... R5a6 $1 $19 37. Rxa6 Rxa6 {[%emt 0:00:09] KR-KB} 38. Be5 Kf7 {[%emt 0:00:19][%mdl 1024] ...Rc6 is the strong threat. Black has strong compensation.} 39. Kc2 Ke6 40. Kb3 $2 {[%emt 0:00:56] [#]} (40. Kd3 $17 {might work better.}) 40... Kd5 $1 41. Kb4 Rb6+ 42. Ka5 Rb3 43. Bc3 Kc5 44. Be5 {[%emt 0:00:20] [#]} Rb7 (44... Rh3 $1 $19 45. b4+ Kc6) 45. Ka6 $17 Re7 (45... Rf7 $17 46. Bb8 Rd7) 46. b4+ $1 $11 Kc4 {[%emt 0:00:00] Strongly threatening ...Re6+.} 47. b5 {[%emt 0:00:34] aiming for b6.} Kc5 48. b6 Kc6 {[%emt 0:00:00] Prevents b7.} (48... Re6 $5 49. Bc7 Kc6 $11) 49. Bc7 Re1 50. Ka7 $1 ({Don't go for} 50. Be5 $2 Rb1 51. Bd4 Rb4 $19) 50... Ra1+ 51. Kb8 Ra4 52. h5 gxh5 {[%emt 0:00:00] Hoping for ...Ra5.} 53. f5 Ra5 54. g6 $2 (54. f6 $11 Kd7 55. f7) 54... Rxf5 {[%emt 0:00:00] Black mates.} 55. g7 Rg5 56. Ka8 Rxg7 57. b7 Rg4 ({Not} 57... Rg8+ 58. b8=Q Rxb8+ 59. Kxb8 $11) 58. b8=B Ra4+ 59. Ba7 Rxa7+ 60. Kxa7 Kxc7 {[%emt 0:00:00] KP-KP} 61. Ka6 h4 62. Kb5 h3 63. Kc4 h2 64. Kd4 h1=Q 65. Ke5 Qc6 66. Kd4 {[%emt 0:03:55] A wild game.  Weighted Error Value: White=0.34/Black=0.19 (very precise)} 0-1

[Event "13th KIIT Festival-A 2022"]
[Site "Bhubaneswar"]
[Date "2022.05.26"]
[Round "6.17"]
[White "Santu, Mondal"]
[Black "Mummana Venkata Ruthvik"]
[Result "1/2-1/2"]
[ECO "E68"]
[WhiteElo "2097"]
[BlackElo "1543"]
[Annotator "TA"]
[PlyCount "72"]
[EventDate "2022.05.15"]
[EventType "swiss"]
[EventCountry "IND"]
[SourceTitle "playchess.com"]
[Source "ChessBase"]
[SourceQuality "1"]
[TimeControl "5400+30"]

1. d4 Nf6 2. Nf3 g6 3. g3 Bg7 4. Bg2 O-O 5. c4 d6 6. Nc3 Nbd7 7. O-O e5 8. e4 exd4 9. Nxd4 Re8 10. Re1 Nc5 11. h3 a5 12. Bf4 {[%emt 0:11:42][%cal Bc1f4,Bf4e3,Be3d4][%mdl 32] Recently 12.Rb1 got a lot of attention.} Nh5 {[%emt 0:22:53] E68: King's Indian: Fianchetto: 6...Nbd7 7 0-0 e5 8 e4.} (12... Nfd7 $11) 13. Be3 $14 {[%emt 0:00:58] [#]} Ne6 $146 ({Predecessor:} 13... Nf6 14. Qc2 Bd7 15. Rad1 Qc8 16. Kh2 h5 17. Bf4 Nh7 18. h4 Bxd4 19. Rxd4 Ne6 20. Rdd1 Nxf4 21. gxf4 {0-1 (46) Pham,L (2366)-Perez,M (2417) Chess.com INT 2020}) 14. Qd2 Nxd4 {[%emt 0:07:56] White is better.} 15. Bxd4 Be6 16. b3 Nf6 17. Rad1 Nd7 18. Kh2 Qc8 19. Bxg7 Kxg7 20. f4 {[%emt 0:00:32][%cal Of4f5] [#] Threatens to win with f5!} f6 21. Qd4 Bf7 22. g4 ({White should try} 22. c5) 22... Kg8 (22... h6 $142) 23. Re2 (23. c5 $142) 23... Qd8 $16 24. Rf1 {[%emt 0:14:06] White is more active.} Qe7 25. h4 (25. Nd5 $16 Qd8 26. Rd2) 25... h6 (25... g5 $14) 26. Ref2 (26. Nd5 $16 Qd8 27. Rd2) 26... Rf8 27. Bh3 {[%emt 0:02:34][%cal Og4g5] Black must now prevent g5!} Nc5 28. Re2 Rae8 29. Rfe1 Nd7 30. Nd5 Bxd5 31. Qxd5+ Qf7 32. Qxb7 Nc5 33. Qd5 Ne6 34. Qd2 ({White should play} 34. Kg3 $14) 34... g5 $1 $11 {[%emt 0:00:33] The position is equal.} 35. f5 Nf4 36. Rf2 Re5 {[%emt 0:09:10] Weighted Error Value: White=0.21 (precise) /Black=0.20 (precise)} (36... Qe7 $11) 1/2-1/2

[Event "13th KIIT Festival-A 2022"]
[Site "Bhubaneswar"]
[Date "2022.05.26"]
[Round "6.18"]
[White "Manish Anto Cristiano F"]
[Black "Liyanage, Pesandu Rashmitha"]
[Result "1/2-1/2"]
[ECO "B28"]
[WhiteElo "2071"]
[BlackElo "1730"]
[Annotator "TA"]
[PlyCount "104"]
[EventDate "2022.05.15"]
[EventType "swiss"]
[EventCountry "IND"]
[SourceTitle "playchess.com"]
[Source "ChessBase"]
[SourceQuality "1"]
[TimeControl "5400+30"]

1. e4 c5 2. Nf3 a6 3. c3 d5 4. exd5 Nf6 5. d4 Nxd5 6. dxc5 {[%emt 0:00:20] B28: Sicilian: 2 Nf3 a6 (O'Kelly Variation).} e6 7. Bd3 (7. c4 $1 $14 Nf6 8. Qxd8+ Kxd8 9. Nc3) 7... Bxc5 $11 8. O-O {[%emt 0:00:18] [#]} Nc6 $146 ({Predecessor:} 8... Nd7 9. Nbd2 N7f6 10. Ne4 Nxe4 11. Bxe4 Nf6 12. Qxd8+ Kxd8 13. Bc2 Ke7 {½-½ (36) Capablanca,J-Tartakower,S Vienna 1914}) 9. Nbd2 (9. a4 $11 {remains equal.}) 9... Ne3 $1 $17 10. fxe3 Bxe3+ ({Much weaker is} 10... Qxd3 $6 11. Nd4 (11. Nb3 Qxd1 12. Rxd1 Bb6 $15) 11... O-O 12. N2b3 Qxd1 13. Rxd1 $15) 11. Kh1 Qxd3 12. Nc4 Qxd1 13. Rxd1 {[%emt 0:00:07] [#]} Bxc1 14. Raxc1 Ke7 15. Nb6 Rb8 16. Ng5 f6 17. Ne4 {[%emt 0:01:10] [#]} Rd8 {[%emt 0:00:21] Prevents Nd6.} ({Better is} 17... e5 $1 $17 {White should prevent ...Bg4.} 18. Nd5+ Kf7 19. Nd6+ Kg6) 18. Rxd8 $11 Kxd8 19. Nd6 (19. Nc5 $1 $11) 19... Bd7 $17 20. Rd1 Ne5 {[%emt 0:00:30] [#]} ({Black should play} 20... Be8 $17 {Hoping for ...Bh5.} 21. Nb5+ Ke7) 21. Nf7+ $1 {[%emt 0:02:24] Pair of Knights! The position is equal.} Kc7 $1 ({Much less strong is} 21... Nxf7 22. Nxd7 Rc8 23. Nb6+ Kc7 24. Nxc8 Kxc8 25. Kg1 $16) 22. Nxe5 fxe5 23. Rxd7+ Kxb6 $11 {[%emt 0:00:02][%mdl 4096] Endgame KR-KR} 24. Kg1 Kc6 25. Re7 Rd8 26. Rxe6+ Kd5 27. Re7 Ke4 28. h4 b5 29. Rxg7 h5 30. Rg5 Rd2 31. b4 Rxa2 32. Rxh5 Kf4 33. Rh8 Rc2 34. Rg8 e4 $1 35. h5 e3 ({Don't play} 35... Rxc3 36. h6 Rc1+ 37. Kf2 Rc2+ 38. Ke1 Rc1+ 39. Ke2 $16) 36. Kf1 {[%emt 0:03:14] Strongly threatening h6.} Rc1+ 37. Ke2 {[%emt 0:00:13] aiming for g3+.} Rc2+ 38. Kd1 Ra2 39. Rf8+ Kg5 40. Re8 Kxh5 41. g3 Rd2+ 42. Ke1 Rd3 43. Rc8 Rd2 44. Rc6 Rc2 45. Rxa6 Rxc3 46. Rb6 Kg4 47. Rxb5 Kxg3 48. Ke2 Rb3 49. Rb8 Kf4 50. Rf8+ Ke4 51. Re8+ Kd4 52. Rd8+ Ke5 {[%emt 0:01:19] Weighted Error Value: White=0.13 (very precise) /Black=0.07 (flawless)} 1/2-1/2